 Dungeon Crawl Stone Soup version 0.30-a0-297-g0ec75d9ef4 (webtiles) character file.

Game seed: 15801486512296446653

39758 Powertoast the Grappler (level 13, -6/131 (139) HPs)
             Began as a Troll Gladiator on Oct 17, 2022.
             Was the Champion of Wu Jian.
             Killed from afar by a necromancer (36 damage)
             ... with a bolt of negative energy
             ... in an ice cave on Oct 20, 2022.
             The game lasted 00:58:16 (13234 turns).

Powertoast the Grappler (Troll Gladiator)          Turns: 13234, Time: 00:58:17

HP:   -6/131 (139)  AC:  7    Str: 25    XL:     13   Next: 70%
MP:   12/12         EV: 10    Int:  4    God:    Wu Jian [******]
Gold: 1029          SH: 14    Dex: 15    Spells: 12/12 levels left

rFire   x x .      SeeInvis .      - Unarmed
rCold   + + +      Faith    .    A - +0 kite shield
rNeg    . . .      Spirit   .    N - +2 robe {rC+}
rPois   .          Reflect  +    b - +0 hat
rElec   .          Harm     .    n - +0 cloak
rCorr   .          Rampage  .    (gloves unavailable)
Will    .....                    (boots unavailable)
Stlth   +.........               l - amulet of reflection
HPRegen 1.21/turn                S - ring of ice
MPRegen 0.13/turn                W - ring of ice

@: slowed, drained, very slow
A: large, unfitting armour, claws 3, regeneration 1, shaggy fur 1, tough skin 1
a: Renounce Religion, Wall Jump, Serpent's Lash, Heavenly Storm


You were in an ice cave.
You worshipped Wu Jian.
Wu Jian was exalted by your worship.
You visited 3 branches of the dungeon, and saw 18 of its levels.
You also visited: Ossuary and Ice Cave.

You collected 1029 gold pieces.

Inventory:

Hand Weapons
 K - a +0 broad axe of flaming
Missiles
 a - 4 curare-tipped darts
 c - 3 throwing nets
 p - 6 atropa-tipped darts
 s - 19 large rocks
 M - 7 boomerangs (quivered)
 Y - 6 poisoned darts
Armour
 b - a +0 hat (worn)
 n - a +0 cloak (worn)
 A - a +0 kite shield (worn)
 I - a +1 robe of resistance
 J - +0 swamp dragon scales
 N - a +2 robe of cold resistance (worn)
 O - +0 steam dragon scales
Jewellery
 l - an amulet of reflection (around neck)
 r - a +4 ring of protection
 w - an amulet of the acrobat
 P - a +4 ring of protection
 Q - a ring of fire
 R - a +6 ring of strength
 S - a ring of ice (left claw)
 W - a ring of ice (right claw)
 Z - a ring of willpower
Wands
 q - a wand of charming (10)
 U - a wand of flame (25)
 V - a wand of mindburst (5)
 X - a wand of roots (4)
Scrolls
 g - a scroll of vulnerability {unknown}
 h - 6 scrolls of immolation
 i - 3 scrolls of fear
 j - 7 scrolls of teleportation
 k - 2 scrolls of blinking
 o - a scroll of silence {unknown}
 v - a scroll of fog
 y - a scroll of brand weapon {unknown}
 C - 2 scrolls of acquirement {unknown}
 D - 2 scrolls of enchant armour {unknown}
 E - 4 scrolls of enchant weapon
 T - a scroll of summoning {unknown}
Potions
 e - 8 potions of curing
 f - 3 potions of mutation
 m - 8 potions of brilliance
 t - 3 potions of resistance
 u - 4 potions of haste
 x - a potion of attraction {unknown}
 z - 3 potions of magic {unknown}
 B - 4 potions of invisibility
 F - 4 potions of lignification {unknown}
 G - 5 potions of might
 H - 2 potions of flight {unknown}
 L - a potion of cancellation {unknown}


   Skills:
 + Level 11.7 Fighting
 - Level 8.0 Throwing
 - Level 5.0 Armour
 - Level 5.0 Dodging
 - Level 5.0 Shields
 + Level 14.0 Unarmed Combat
 - Level 5.0 Evocations


You had 12 spell levels left.
You didn't know any spells.
Your spell library contained the following spells:

 Spells                   Type           Power      Damage    Failure   Level
 Sandblast                Erth           0%         2d4       77%         1
 Sting                    Tmut/Pois      0%         1d3       77%         1
 Summon Small Mammal      Summ           0%         N/A       77%         1
 Passwall                 Tmut/Erth      0%         N/A       88%         2
 Poisonous Vapours        Pois/Air       0%         N/A       88%         2
 Wereblood                Tmut           0%         N/A       88%         2
 Call Canine Familiar     Summ           0%         N/A       98%         3
 Dazzling Flash           Conj/Hex       0%         N/A       98%         3
 Inner Flame              Hex/Fire       0%         N/A       98%         3
 Ozocubu's Armour         Ice            0%         N/A       98%         3
 Stone Arrow              Conj/Erth      0%         3d7       98%         3
 Summon Guardian Golem    Hex/Summ       0%         N/A       98%         3
 Vhi's Electric Charge    Tloc/Air       0%         N/A       98%         3
 Animate Armour           Summ/Erth      0%         N/A       100%        4
 Flame Wave               Conj/Fire      0%         2d4       100%        4
 Olgreb's Toxic Radiance  Pois           0%         N/A       100%        4
 Sticky Flame             Conj/Fire      0%         2d3       100%        4
 Summon Ice Beast         Ice/Summ       0%         N/A       100%        4
 Agony                    Necr           0%         N/A       100%        5
 Alistair's Intoxication  Tmut/Pois      0%         N/A       100%        5
 Arcjolt                  Conj/Air       0%         1d10      100%        5
 Borgnjor's Vile Clutch   Necr/Erth      0%         N/A       100%        5
 Metabolic Englaciation   Hex/Ice        0%         N/A       100%        5
 Silence                  Hex/Air        0%         N/A       100%        5
 Yara's Violent Unravell  Hex/Tmut       0%         3d3       100%        5
 Eringya's Noxious Bog    Tmut/Pois      0%         N/A       100%        6
 Simulacrum               Ice/Necr       0%         N/A       100%        6
 Enfeeble                 Hex            0%         N/A       100%        7
 Summon Hydra             Summ           0%         N/A       100%        7
 Lehudib's Crystal Spear  Conj/Erth      0%         10d2      100%        8
 Maxwell's Capacitive Co  Air            0%         ∞         100%        8


Dungeon Overview and Level Annotations

Branches:
Dungeon (12/15)            Temple (1/1) D:4            Lair (5/5) D:9
  Swamp (0/4) Lair:3       Spider (0/4) Lair:3        Slime (0/5) Lair:4
    Orc (0/2) D:10        Ossuary (visited)           IceCv (1/1)

Altars:
Ashenzari
Cheibriados
Dithmenos
Elyvilon
Fedhas
Gozag
Hepliaklqana
Kikubaaqudgha
Makhleb
Nemelex Xobeh
Okawaru
Qazlal
Ru
Sif Muna
Trog
Uskayaw
Vehumet
Wu Jian
Xom
Yredelemnul
Zin
The Shining One
Jiyva

Shops:
D:4 *   D:9 *

Portals:
Trove: D:10 (give +6 demon blade)


Innate Abilities, Weirdness & Mutations

You are too large for most types of armour.
You have claws for hands.
Your natural rate of healing is unusually fast.
You are covered in fur. (AC +1)
You have tough skin. (AC +1)


Message History

You block the ice devil's attack.
You mangle the ice devil!!
The ice devil is severely wounded.
The ice devil barely misses you.
The necromancer points at you and mumbles some strange words.
The bolt of negative energy hits the elephant simulacrum.
The elephant simulacrum completely resists.
The bolt of negative energy misses the ice devil.
The bolt of negative energy misses you.
You claw the polar bear simulacrum!
The polar bear simulacrum vaporises!
The Council accepts your kill.
The sentinel's mark upon you fades away.
You barely miss the ice devil.
The ice devil is severely wounded.
You block the ice devil's attack.
You closely miss the ice devil.
The ice devil is severely wounded.
The freezing wraith hits you. The freezing wraith freezes you. You resist.
You block the freezing wraith's attack. You block the ice devil's attack.
You barely miss the ice devil.
The ice devil is severely wounded.
The freezing wraith closely misses you. You block the freezing wraith's attack.
You block the ice devil's attack.
You barely miss the ice devil.
The ice devil is severely wounded.
The ice devil hits you. The ice devil freezes you. You resist.
You block the freezing wraith's attack. The freezing wraith hits you.
* * * LOW HITPOINT WARNING * * *
The freezing wraith drains your vigour!
You feel yourself slow down.
You closely miss the freezing wraith. The freezing wraith hits you!
* * * LOW HITPOINT WARNING * * *
The freezing wraith freezes you. You resist.
* * * LOW HITPOINT WARNING * * *
You block the freezing wraith's attack. You block the ice devil's attack.
The necromancer points at you and mumbles some strange words.
The bolt of negative energy hits the ice devil.
The ice devil completely resists.
The bolt of negative energy hits you!!!
You feel drained.
You die...

###### ###.##Z## ######
##...Zp4W######....#####
#...##Z#@..##....#.....##
##...○#####....#####..#...
#......# ##.### ####..#
#.....○.4# ### ##..###
#.........# ###...###
#....####...# ####.......#
#...# #p..# #[..........
##.. ..## #?(......... ##
.#########8........


You could see an ice devil, a freezing wraith, a necromancer, an elephant
simulacrum and a cane toad simulacrum.

Vanquished Creatures
  Fannar (D:12)
  A boulder beetle (D:11)
  A merfolk avatar (Lair:5)
  Nergalle (Lair:3)
  2 sea snakes (Lair:5)
  A swamp dragon (Lair:3)
  A wolf spider zombie (D:11)
  Pikel (D:4)
  2 ugly things
  A manticore (D:11)
  2 cyclopes
  2 centaur zombies (D:11)
  A torpor snail (Lair:2)
  7 black mambas
  12 cane toads
  An ice statue (IceCv)
  A centaur skeleton (D:11)
  Maggie (D:7)
  A redback zombie (D:11)
  3 rime drakes
  6 komodo dragons
  4 anaconda simulacra (IceCv)
  4 freezing wraiths (IceCv)
  9 ice devils (IceCv)
  2 hellwings (D:11)
  2 trolls (D:9)
  5 polar bears
  2 wind drakes (Lair:5)
  2 hornets (Lair:5)
  10 blink frogs
  A snapping turtle (Lair:5)
  Sigmund (D:4)
  2 shadows (D:11)
  A spriggan (Lair:2)
  5 wyverns
  32 yaks
  Eustachio (D:5)
  3 steam dragons
  2 death yak simulacra (IceCv)
  2 vampire mosquitoes (D:10)
  A harpy simulacrum (IceCv)
  An acid dragon (D:8)
  14 water moccasins
  Duvessa (D:7)
  2 hydra simulacra (IceCv)
  3 sky beasts
  An ice beast (D:6)
  4 orc warriors
  A black bear (D:6)
  6 centaurs
  An ogre (D:4)
  A lemure (D:4)
  A phantom (D:5)
  5 gnoll sergeants
  4 scorpions
  4 bullfrogs
  5 cane toad simulacra (IceCv)
  2 two-headed ogre simulacra (IceCv)
  10 wights
  Dowan (D:7)
  6 killer bees
  2 elephant simulacra (IceCv)
  4 howler monkeys
  2 vampire bats (D:4)
  A crimson imp (D:3)
  9 hounds
  2 jellies
  A human zombie (Ossuary)
  4 orc priests
  Crazy Yiuf (D:4)
  2 gnoll boudas (D:9)
  Terence (D:2)
  3 iguanas
  7 orc wizards
  4 polar bear simulacra (IceCv)
  2 spriggan simulacra (IceCv)
  A troll simulacrum (IceCv)
  A boggart skeleton (D:11)
  4 wolf simulacra (IceCv)
  6 mummies
  26 gnolls
  A naga simulacrum (IceCv)
  5 adders
  4 shadow imps (D:11)
  A white imp (D:7)
  An ufetubus (D:4)
  A worm (D:3)
  A dart slug (D:2)
  19 orcs
  9 ball pythons
  13 bats
  7 endoplasms
  A giant cockroach (D:4)
  2 gnoll zombies (Ossuary)
  7 goblins
  5 hobgoblins
  7 jackals
  6 quokkas
  3 frilled lizards
  3 goblin zombies
  7 kobolds
  A kobold zombie (Ossuary)
  3 orc zombies
  4 rats
407 creatures vanquished.

Vanquished Creatures (others)
  9 fungi
  41 plants
  A withered plant (D:11)
51 creatures vanquished.

Grand Total: 458 creatures vanquished

Notes
Turn   | Place    | Note
-------+----------+-------------------------------------------
     0 | D:1      | Powertoast the Troll Gladiator began the quest for the Orb.
     0 | D:1      | Reached XP level 1. HP: 19/19 MP: 0/0
   167 | D:1      | Reached XP level 2. HP: 28/28 MP: 1/1
   559 | D:2      | Reached XP level 3. HP: 36/36 MP: 2/2
   771 | D:2      | Noticed Terence
   782 | D:2      | Killed Terence
   783 | D:2      | Reached skill level 4 in Unarmed Combat
   965 | D:2      | Reached XP level 4. HP: 44/44 MP: 3/3
  1636 | D:3      | Found a burning altar of Makhleb.
  1636 | D:3      | Found a shimmering altar of Xom.
  1644 | D:3      | Reached XP level 5. HP: 53/53 MP: 4/4
  1663 | D:3      | Got the Teachings on the Remoulded Gathering
  2049 | D:4      | Found a staircase to the Ecumenical Temple.
  2057 | Temple   | Entered the Ecumenical Temple
  2176 | Temple   | Became a worshipper of the Wu Jian Council
  2297 | D:4      | Reached skill level 5 in Unarmed Combat
  2300 | D:4      | Found Gocof's General Store.
  2302 | D:4      | Found an iron altar of Okawaru.
  2371 | D:4      | Reached XP level 6. HP: 62/62 MP: 5/5
  2805 | D:4      | Noticed Sigmund
  2820 | D:4      | Killed Sigmund
  2821 | D:4      | Reached skill level 6 in Unarmed Combat
  2821 | D:4      | Reached XP level 7. HP: 71/71 MP: 6/6
  2877 | D:4      | Noticed Pikel
  2888 | D:4      | Killed Pikel
  2889 | D:4      | Reached skill level 5 in Fighting
  2889 | D:4      | Reached skill level 7 in Unarmed Combat
  2889 | D:4      | Reached XP level 8. HP: 80/81 MP: 7/7
  2928 | D:4      | Reached * piety under Wu Jian
  3021 | D:4      | Found a runed translucent door.
  3022 | D:4      | Noticed Crazy Yiuf
  3082 | D:4      | Killed Crazy Yiuf
  3148 | D:5      | Entered Level 5 of the Dungeon
  3148 | D:5      | Found a glowing golden altar of the Shining One.
  3163 | D:5      | Found a snail-covered altar of Cheibriados.
  3285 | D:5      | Found a hazy altar of Hepliaklqana.
  3323 | D:5      | Found a sacrificial altar of Ru.
  3383 | D:5      | Found a sand-covered staircase.
  3391 | D:5      | Reached skill level 8 in Unarmed Combat
  3393 | Ossuary  | Entered an ossuary
  3676 | D:5      | Noticed Eustachio
  3688 | D:5      | Killed Eustachio
  3695 | D:5      | Reached ** piety under Wu Jian
  4122 | D:6      | Reached XP level 9. HP: 93/93 MP: 8/8
  4166 | D:6      | Found a shadowy altar of Dithmenos.
  4172 | D:6      | Reached skill level 9 in Unarmed Combat
  4642 | D:7      | Noticed Maggie
  4647 | D:7      | Killed Maggie
  4674 | D:7      | Reached skill level 10 in Unarmed Combat
  4681 | D:7      | Noticed Duvessa
  4683 | D:7      | Noticed Dowan
  4687 | D:7      | Killed Duvessa
  4688 | D:7      | Reached skill level 1 in Evocations
  4693 | D:7      | Killed Dowan
  5384 | D:8      | Reached XP level 10. HP: 99/104 MP: 9/9
  5603 | D:8      | Found an opulent altar of Gozag.
  5777 | D:9      | Reached *** piety under Wu Jian
  5799 | D:9      | Found a staircase to the Lair.
  5815 | D:9      | Reached skill level 1 in Shields
  5815 | D:9      | Reached skill level 5 in Evocations
  5900 | D:9      | Found Woynn's Assorted Antiques.
  6187 | D:9      | Found an ancient bone altar of Kikubaaqudgha.
  6197 | D:9      | Found a shimmering blue altar of Sif Muna.
  6210 | D:9      | Found a radiant altar of Vehumet.
  6238 | D:9      | Reached skill level 5 in Shields
  6344 | D:9      | Reached skill level 5 in Dodging
  6344 | D:9      | Reached skill level 1 in Armour
  6496 | D:9      | Found a broken altar of Ashenzari.
  6503 | D:9      | Found a sparkling altar of Nemelex Xobeh.
  6554 | Lair:1   | Entered Level 1 of the Lair of Beasts
  6610 | Lair:1   | Noticed a black mamba
  6610 | Lair:1   | Noticed a cane toad
  6626 | Lair:1   | Killed a black mamba
  6627 | Lair:1   | Reached XP level 11. HP: 111/111 MP: 10/10
  6628 | Lair:1   | Reached **** piety under Wu Jian
  6999 | Lair:1   | Reached skill level 5 in Armour
  7454 | Lair:2   | Reached skill level 5 in Throwing
  8257 | Lair:3   | Noticed a swamp dragon
  8346 | Lair:3   | Found a hole to the Spider Nest.
  8347 | Lair:3   | Noticed Nergalle
  8375 | Lair:3   | Killed Nergalle
  8376 | Lair:3   | Reached skill level 11 in Unarmed Combat
  8564 | Lair:3   | Reached XP level 12. HP: 83/123 MP: 11/11
  8666 | Lair:3   | Found a staircase to the Swamp.
  8751 | Lair:3   | Noticed an eight-headed hydra
  9140 | Lair:4   | Found a runed translucent door.
  9140 | Lair:4   | Found a viscous altar of Jiyva.
  9141 | Lair:4   | Found a staircase to the Slime Pits.
  9527 | Lair:5   | Entered Level 5 of the Lair of Beasts
  9779 | Lair:5   | Reached skill level 12 in Unarmed Combat
  9893 | Lair:5   | Reached skill level 10 in Fighting
 10117 | Lair:5   | Noticed a merfolk avatar
 10142 | Lair:5   | Killed a merfolk avatar
 10159 | Lair:5   | Reached ***** piety under Wu Jian
 10256 | Lair:5   | Noticed an eight-headed hydra
 10786 | D:10     | Entered Level 10 of the Dungeon
 10960 | D:10     | Found a basalt altar of Yredelemnul.
 11032 | D:10     | Found a staircase to the Orcish Mines.
 11104 | D:10     | Found a portal to a secret trove of treasure.
 11390 | D:10     | Reached XP level 13. HP: 125/135 MP: 12/12
 11823 | D:11     | Reached skill level 13 in Unarmed Combat
 12423 | D:12     | Noticed Fannar
 12509 | D:12     | Killed Fannar
 12529 | D:12     | Found a frozen archway.
 12538 | IceCv    | Entered an ice cave
 12863 | IceCv    | Found an ancient bone altar of Kikubaaqudgha.
 12866 | IceCv    | Upgraded the game from 0.30-a0-292-g0f741e3f8e to
                  | 0.30-a0-297-g0ec75d9ef4
 13001 | IceCv    | Reached ****** piety under Wu Jian
 13208 | IceCv    | Reached skill level 14 in Unarmed Combat
 13234 | IceCv    | Killed from afar by a necromancer

Illustrated notes

Levels and vault maps discovered:
D:1:      dpeg_arrival_erosion, layout_rooms, solitary_fountain, minmay_cut_off
D:2:      layout_loops_corners, serial_rivers, chequers_serial_rivers_micro_a,
          chequers_serial_rivers_micro_a, chequers_serial_rivers_marsh,
          chequers_serial_rivers_room_a, chequers_serial_rivers_micro_d,
          chequers_serial_rivers_small_a, serial_bayou_ford_a, uniq_terence
D:3:      layout_rooms, grunt_temple_overflow_champion_of_chaos,
          serial_bayou_pond_e, minmay_misc_feat_five, minmay_misc_feat_rugged,
          kennysheep_cluttered_room
D:4:      layout_loops_corners, amcnicky_altar_gilded,
          minmay_temple_entry_crystal_x, serial_shops, shop,
          nicolae_concentric_dashed_squares_mild, roderic_batcave,
          uniq_crazy_yiuf_cottage, uniq_pikel, uniq_sigmund
D:5:      layout_cave_pools, nzn_hepliaklqana_mist_gate,
          nicolae_ru_path_of_blood, mainiacjoe_overflow_brackets,
          mainiacjoe_overflow_cross_hatched, nicolae_ossuary_entry_giza,
          grunt_decor_junction, uniq_eustachio
D:6:      layout_basic, mainiacjoe_overflow_six_doors_small
D:7:      layout_loops_ring, uniq_maggie, uniq_duvessa
D:8:      layout_rooms, kennysheep_mini
D:9:      layout_cave_pools, palyth_temple_overflow_mages,
          mainiacjoe_overflow_big_doors, david_lair_shrubbed, serial_gnoll_camp,
          gnoll_camp_huts_basic, gnoll_camp_mini_basic, gnoll_camp_mini_hut,
          gnoll_camp_mini_shop
D:10:     layout_long_grid, mainiacjoe_overflow_surrounded_room, orc_0_dummy,
          nicolae_trove_entry_diagonal
D:11:     cheibrodos_grave_circle, layout_irregular_city
D:12:     layout_loops_ring, portal_ice_cave_entry_pillars_1,
          minmay_protected_statue, uniq_kirke, uniq_fannar
Temple:   nicolae_temple_superstar
Lair:1:   layout_roguey, minivault_27, infiniplex_staircase_pool
Lair:2:   layout_cave_pods, wad_woods_03, grunt_megastairs_3
Lair:3:   layout_big_grid, minmay_swamp_entry_reptiles,
          spider_nest_entry_web_field, uniq_nergalle
Lair:4:   layout_loops_ring, slime_entry_2, lemuel_fruit_tree
Lair:5:   gammafunk_lair_ancient_temple, layout_cave_shapes, lemuel_fruit_fields
IceCv:    ice_cave_small_necro

Skill      XL: |  1  2  3  4  5  6  7  8  9 10 11 12 13 |
---------------+----------------------------------------+-----
Fighting       | 2 3 4 5 7 8 9 10 11 | 11.7
Unarmed Combat | 4 5 6 7 8 10 11 12 14 | 14.0
Evocations     | 4 5 |  5.0
Shields        | 5 |  5.0
Dodging        | 5 |  5.0
Armour         | 2 5 |  5.0
Throwing       | 5 6 8 |  8.0

Action                   |  1- 3 |  4- 6 |  7- 9 | 10-12 | 13-15 || total
-------------------------+-------+-------+-------+-------+-------++-------
Melee: Unarmed           |    84 |   127 |   263 |   769 |   348 ||  1591
       Punch             |     1 |     4 |    10 |       |       ||    15
Throw: Large rock        |     1 |       |       |       |       ||     1
       Dart              |       |     1 |       |       |       ||     1
Invok: Lunge             |       |    10 |    33 |    51 |    17 ||   111
       Whirlwind         |       |       |    10 |   195 |    91 ||   296
       Serpent's Lash    |       |       |       |     1 |       ||     1
  Use: Scroll            |       |     6 |     6 |     4 |     4 ||    20
       Potion            |       |       |       |     3 |    13 ||    16
 Stab: Sleeping          |     1 |     1 |     2 |       |       ||     4
Armor: Robe              |    25 |    50 |    33 |       |    61 ||   169
       Swamp dragon scal |       |       |    28 |   335 |    89 ||   452
Dodge: Dodged            |    38 |    82 |    81 |   223 |   105 ||   529
Block: Other             |     5 |     6 |    26 |     3 |       ||    40
       Reflection        |       |       |     3 |     9 |     4 ||    16
       Kite shield       |       |       |       |   556 |   233 ||   789

Table legend: (Time is in decaauts)
 A = Elapsed time spent in this place.
 B = Non-inter-level travel time spent in this place.
 C = Inter-level travel time spent in this place.
 D = Time resting spent in this place.
 E = Time spent auto-exploring this place.
 F = Levels seen in this place.
 G = Mean time per level.
                   A        B        C        D        E       F      G
               +--------+--------+--------+--------+--------+-----+--------+
         Total |  13167 |  12202 |    965 |    968 |   7956 |  20 |  658.3 |
       Dungeon |   7903 |   7218 |    685 |    290 |   5141 |  12 |  658.6 |
        Temple |    150 |    114 |     36 |      0 |    106 |   1 |  150.0 |
          Lair |   4200 |   3956 |    244 |    516 |   2424 |   5 |  840.0 |
       Ossuary |    224 |    224 |      0 |      0 |    106 |   1 |  224.0 |
      Ice Cave |    687 |    687 |      0 |    162 |    179 |   1 |  687.0 |
               +--------+--------+--------+--------+--------+-----+--------+

Top non-repeatable levels by time:
  Lair:2: 1283 daAuts
     D:4: 1065 daAuts
  Lair:4: 1059 daAuts
    D:10: 895 daAuts
     D:2: 882 daAuts
    D:11: 792 daAuts
     D:9: 780 daAuts
  Lair:1: 732 daAuts
     D:5: 712 daAuts
   IceCv: 687 daAuts
     D:7: 675 daAuts
     D:3: 630 daAuts
  Lair:5: 589 daAuts
     D:1: 546 daAuts
  Lair:3: 535 daAuts
